 Dungeon Crawl Stone Soup version 0.29.1-12-g30fa7ad0bf (webtiles) character file.

Game seed: 16700714750951819671

452956 concernfroge the Tortoise (level 22, -2/192 HPs)
             Began as a Mummy Monk on Dec 23, 2022.
             Was a High Priest of Ashenzari.
             Slain by a phantasmal warrior (21 damage)
             ... on level 5 of the Vaults.
             The game lasted 04:40:10 (68480 turns).

concernfroge the Tortoise (Mummy Monk)             Turns: 68480, Time: 04:40:15

Health: -2/192     AC: 26    Str: 23    XL:     22   Next: 93%
Magic:  39/39      EV: 17    Int: 10    God:    Ashenzari [*****.]
Gold:   3405       SH: 18    Dex: 20    Spells: 43/48 levels left

rFire   + + .      SeeInvis +   M - +9 demon trident (vamp)
rCold   + + +      Faith    .   V - +3 warlock's mirror {reflect, Self, Fort} (curse)
rNeg    + + +      Spirit   .   Q - +0 chain mail "Scepticism of Ashenzari" {rElec rF+ rC+ Dex+4, Range, Self} (curse)
rPois   ∞          Reflect  +   n - +2 hat "Behold Eternity" {Bglg, Melee} (curse)
rElec   +          Harm     .   E - scarf of Ashenzari's Stars {rC+ rF+, Range, Melee} (curse)
rCorr   +          Rampage  .   J - +4 pair of gloves "Limitation of Ashenzari" {rF+, Self, Evo} (curse)
Will    ++...      Clarity  +   T - +2 pair of boots "Eternal With Me" {Self, Range} (curse)
Stlth   ..........              j - amulet of Ashenzari's Stickiness {Reflect SH+5, Evo, Self} (curse)
HPRegen 0.42/turn               R - ring "Gaze Upon Infinity" {rCorr, Melee, Bglg} (curse)
MPRegen 0.26/turn               N - ring "Optimism of Ashenzari" {Slay+4, Evo, Fort} (curse)

@: no status effects
A: cold resistance 1, negative energy resistance 3, torment resistance 2, heat
vulnerability 1, in touch with death 2, no potions
}: 3/15 runes: serpentine, barnacled, slimy
a: Renounce Religion, Curse Item, Shatter the Chains


You were on level 5 of the Vaults.
You worshipped Ashenzari.
Ashenzari was extremely pleased with you.
You visited 9 branches of the dungeon, and saw 44 of its levels.
You visited the Abyss 1 time.
You visited 1 bazaar.
You also visited: Sewer, Ice Cave and Wizlab.

You collected 6815 gold pieces.
You spent 3410 gold pieces at shops.

Inventory:

Hand Weapons
 M - a +9 vampiric demon trident (weapon)
Missiles
 c - 276 stones
 d - 34 poisoned darts (quivered)
 f - 11 boomerangs
 g - 21 datura-tipped darts
 t - 25 javelins
 z - a throwing net
 H - 9 silver boomerangs
 I - 2 atropa-tipped darts
 P - 8 silver javelins
 W - 6 boomerangs of dispersal
Armour
 n - the cursed +2 hat "Behold Eternity" (worn) {Bglg, Melee}
   (You found it on level 8 of the Dungeon)

   It has a curse which improves the following skills: Beguiling: Conjurations,
   Hexes and Translocations.
   Melee Combat: Short Blades, Long Blades, Axes, Maces & Flails, Polearms,
   Staves and Unarmed Combat.
 E - the cursed scarf of Ashenzari's Stars (worn) {rC+ rF+, Range, Melee}
   (You found it on level 1 of the Shoals)

   It has a curse which improves the following skills: Ranged Combat: Ranged
   Weapons and Throwing.
   Melee Combat: Short Blades, Long Blades, Axes, Maces & Flails, Polearms,
   Staves and Unarmed Combat.
 J - the cursed +4 pair of gloves "Limitation of Ashenzari" (worn) {rF+, Self, Evo}
   (You bought it in a shop on level 2 of the Dungeon)

   rF:        It protects you from fire.
   It has a curse which improves the following skills: Introspection: Fighting
   and Spellcasting.
   Evocations: Evocations.
 Q - the cursed +0 chain mail "Scepticism of Ashenzari" (worn) {rElec rF+ rC+ Dex+4, Range, Self}
   (You found it on level 11 of the Dungeon)

   Dex:       It affects your dexterity (+4).
   rF:        It protects you from fire.
   rC:        It protects you from cold.
   rElec:     It insulates you from electricity.
   It has a curse which improves the following skills: Ranged Combat: Ranged
   Weapons and Throwing.
   Introspection: Fighting and Spellcasting.
 T - the cursed +2 pair of boots "Eternal With Me" (worn) {Self, Range}
   (You found it in an ice cave)

   It has a curse which improves the following skills: Introspection: Fighting
   and Spellcasting.
   Ranged Combat: Ranged Weapons and Throwing.
 V - the cursed +3 warlock's mirror (worn) {reflect, Self, Fort}
   (You found it on level 14 of the Dungeon)

   It can block and reflect piercing ranged attacks and magical attacks against
   the wielder's willpower.
   It has a curse which improves the following skills: Introspection: Fighting
   and Spellcasting.
   Fortitude: Armour and Shields.
Jewellery
 j - the cursed amulet of Ashenzari's Stickiness (around neck) {Reflect SH+5, Evo, Self}
   (You took it off a merfolk on level 2 of the Shoals)

   [amulet of reflection]

   It reflects blocked missile attacks.
   SH:        It affects your SH (+5).
   It has a curse which improves the following skills: Evocations: Evocations.
   Introspection: Fighting and Spellcasting.
 m - a ring of flight
 u - a ring of protection from fire
 N - the cursed ring "Optimism of Ashenzari" (right hand) {Slay+4, Evo, Fort}
   (You bought it in a shop on level 8 of the Dungeon)

   [ring of slaying]

   Slay:      It affects your accuracy & damage with ranged weapons and melee
   (+4).
   It has a curse which improves the following skills: Evocations: Evocations.
   Fortitude: Armour and Shields.
 R - the cursed ring "Gaze Upon Infinity" (left hand) {rCorr, Melee, Bglg}
   (You bought it in a shop on level 8 of the Dungeon)

   [ring of resist corrosion]

   rCorr:     It protects you from acid and corrosion.
   It has a curse which improves the following skills: Melee Combat: Short
   Blades, Long Blades, Axes, Maces & Flails, Polearms, Staves and Unarmed
   Combat.
   Beguiling: Conjurations, Hexes and Translocations.
Wands
 a - a wand of roots (11)
 i - a wand of quicksilver (10)
 l - a wand of digging (6)
 p - a wand of mindburst (14)
 r - a wand of paralysis (10)
 F - a wand of flame (45)
 U - a wand of polymorph (11)
Scrolls
 b - 6 scrolls of amnesia
 e - 4 scrolls of noise
 h - 6 scrolls of immolation
 k - 15 scrolls of teleportation
 o - 6 scrolls of enchant armour
 q - a scroll of blinking
 s - 8 scrolls of butterflies
 v - 2 scrolls of silence
 w - 3 scrolls of magic mapping
 x - a scroll of enchant weapon
 y - 8 scrolls of fear
 A - a scroll of brand weapon
 B - a scroll of summoning
 C - 2 scrolls of torment
 G - 7 scrolls of vulnerability
 O - 15 scrolls of poison
Miscellaneous
 D - a condenser vane (inert)
 K - a tin of tremorstones (1/2)
 L - a phial of floods (inert)
 S - a box of beasts (inert)


   Skills:
 - Level 14.5(20.9) Fighting
 - Level 11.0(15.5) Maces & Flails
 - Level 10.3(14.8) Polearms
 - Level 12.6(17.0) Throwing
 + Level 16.1(19.4) Armour
 - Level 14.0 Dodging
 - Level 1.5 Stealth
 + Level 16.1(19.4) Shields
 - Level 7.5(13.7) Spellcasting
 - Level 2.6(5.3) Conjurations
 - Level 5.9(9.3) Hexes
 - Level 2.5(5.2) Translocations
 - Level 9.5(14.0) Evocations


You had 43 spell levels left.
You knew the following spells:

 Your Spells              Type           Power      Damage    Failure   Level
a - Apportation           Tloc           34%        N/A       4%          1
b - Slow                  Hex            100%       N/A       1%          1
c - Confusing Touch       Hex            25%        N/A       2%          3

Your spell library contained the following spells:

 Spells                   Type           Power      Damage    Failure   Level
 Tukima's Dance           Hex            25%        N/A       2%          3
 Magic Dart               Conj           68%        1d6       4%          1
 Dazzling Flash           Conj/Hex       42%        N/A       5%          3
 Portal Projectile        Hex/Tloc       42%        N/A       5%          3
 Searing Ray              Conj           34%        2d5       6%          2
 Gell's Gravitas          Tloc           17%        N/A       12%         3
 Lesser Beckoning         Tloc           17%        N/A       12%         3
 Teleport Other           Tloc           17%        N/A       12%         3
 Summon Guardian Golem    Hex/Summ       16%        N/A       16%         3
 Fulminant Prism          Conj/Hex       10%        3d9       17%         4
 Static Discharge         Conj/Air       12%        3-5/arc   19%         2
 Freeze                   Ice            24%        1d5       34%         1
 Necrotise                Necr           60%        1d7       34%         1
 Sandblast                Erth           12%        2d6       34%         1
 Summon Small Mammal      Summ           24%        N/A       34%         1
 Conjure Flame            Conj/Fire      12%        6-21      34%         3
 Stone Arrow              Conj/Erth      24%        3d8       34%         3
 Iskenderun's Mystic Bla  Conj/Tloc      17%        2d5       36%         4
 Passage of Golubria      Tloc           17%        N/A       38%         4
 Mephitic Cloud           Conj/Pois/Air  10%        N/A       45%         3
 Anguish                  Hex/Necr       18%        N/A       45%         4
 Passwall                 Tmut/Erth      5%         N/A       47%         2
 Scorch                   Fire           12%        2d6       47%         2
 Frozen Ramparts          Ice            12%        1d2       71%         3
 Ignite Poison            Fire/Tmut/Pois 6%         N/A       71%         3
 Ozocubu's Armour         Ice            6%         N/A       71%         3
 Vampiric Draining        Necr           15%        2d7       71%         3
 Iskenderun's Battlesphe  Conj           17%        2d7       73%         5
 Flame Wave               Conj/Fire      12%        2d6       75%         4
 Hailstorm                Conj/Ice       12%        3d5       75%         4
 Sticky Flame             Conj/Fire      12%        2d4       75%         4
 Manifold Assault         Tloc           17%        N/A       75%         5
 Metabolic Englaciation   Hex/Ice        8%         N/A       82%         5
 Silence                  Hex/Air        8%         N/A       82%         5
 Summon Mana Viper        Hex/Summ       16%        N/A       82%         5
 Lightning Bolt           Conj/Air       6%         1d18      97%         5
 Animate Armour           Summ/Erth      12%        N/A       98%         4
 Olgreb's Toxic Radiance  Pois           6%         N/A       98%         4
 Petrify                  Tmut/Erth      6%         N/A       98%         4
 Summon Forest            Summ/Tloc      6%         N/A       98%         5
 Freezing Cloud           Conj/Ice/Air   5%         6-21      99%         5
 Dispersal                Tloc           8%         N/A       99%         6
 Agony                    Necr           15%        N/A       100%        5
 Alistair's Intoxication  Tmut/Pois      4%         N/A       100%        5
 Simulacrum               Ice/Necr       7%         N/A       100%        6
 Summon Cactus Giant      Summ           3%         N/A       100%        6
 Enfeeble                 Hex            12%        N/A       100%        7
 Haunt                    Necr/Summ      7%         N/A       100%        7
 Orb of Destruction       Conj           8%         9d6       100%        7
 Ozocubu's Refrigeration  Ice            3%         4d8       100%        7
 Spellforged Servitor     Conj/Summ      6%         N/A       100%        7
 Ignition                 Fire           3%         3d4       100%        8
 Lehudib's Crystal Spear  Conj/Erth      6%         10d3      100%        8
 Maxwell's Capacitive Co  Air            3%         ∞         100%        8
 Chain Lightning          Conj/Air       6%         3d8       100%        9
 Polar Vortex             Ice            3%         N/A       100%        9
 Sublimation of Blood     Necr           Unusable   N/A       N/A         2
 Spider Form              Tmut/Pois      Unusable   N/A       N/A         3
 Ice Form                 Ice/Tmut       Unusable   N/A       N/A         4
 Statue Form              Tmut/Erth      Unusable   N/A       N/A         6

Dungeon Overview and Level Annotations

Branches:
Dungeon (15/15)            Temple (1/1) D:7            Lair (5/5) D:10
 Shoals (4/4) Lair:3        Snake (4/4) Lair:3        Slime (5/5) Lair:4
    Orc (2/2) D:12            Elf (3/3) Orc:2        Vaults (5/5) D:13
  Crypt (0/3) Vaults:3     Depths (0/4) D:15          Sewer (visited)
  IceCv (visited)          WizLab (visited)

Altars:
Ashenzari
Cheibriados
Dithmenos
Fedhas
Gozag
Hepliaklqana
Kikubaaqudgha
Makhleb
Nemelex Xobeh
Okawaru
Qazlal
Ru
Sif Muna
Trog
Uskayaw
Vehumet
Wu Jian
Xom
Yredelemnul

Shops:
D:2 [   D:3 (   D:5 *   D:8 =*=(   Orc:2 ?**(   Elf:1 =   Shoals:3 ([
Snake:1 [   Snake:4 =:=

Portals:
Trove: Vaults:4 (give 6 scrolls of blinking)

Annotations:
D:1 Natasha
D:8 Amaemon
D:10 6 transporters
Lair:4 1 runed translucent door, Juirae's ghost, journeyman TrMo
Lair:5 1 runed translucent door, Qeimiotua's ghost, journeyman MiFi
Snake:2 Roxanne
Vaults:2 3 runed translucent doors, exclusion: door, agentgt's ghost, veteran KoAK; heteroy's ghost, veteran GrEE
Vaults:5 Jory


Innate Abilities, Weirdness & Mutations

You are immune to poison.
Your flesh is cold resistant. (rC+)
You are immune to negative energy. (rN+++)
You are immune to unholy pain and torment.
You are vulnerable to heat. (rF-)
You are strongly in touch with the powers of death.
You do not drink.


Message History

Your yaktaur barely misses the titan.
Reach: M) +9 demon trident (vamp)
Press: ? - help, Dir - move target, f/p - titan
Aim: a titan (lightly wounded, ally target, about 8% to evade your +9 vampiric demon trident)
You could not reach far enough!
The titan hits your yaktaur!!!
Your yaktaur dies!
Your yaktaur's corpse dissolves into shadows!
As you read the scroll of teleportation, it crumbles to dust.
You feel strangely unstable. The titan hits your yaktaur!!!
Your yaktaur dies!
Your yaktaur's corpse dissolves into shadows!
Your vault warden hits the titan with a +0 broad axe!!
You hit the shadow dragon but do no damage.
You block the shadow dragon's attack. The shadow dragon closely misses you.
The shadow dragon misses you. The titan hits your yaktaur!!
Your yaktaur dies!
Your yaktaur's corpse dissolves into shadows!
Okay, then.
Blink to where?
Press: ? - help, Dir - move target, p - titan
As you read the scroll of blinking, it crumbles to dust.
The titan waves its arms in wide circles.
The air twists around and strikes you.
* * * LOW HITPOINT WARNING * * *
The titan completely misses your yaktaur.
Your surroundings suddenly seem different.
A freezing wraith, a phantasmal warrior and a tentacled monstrosity come into view.
Found a +0 ring mail and a scroll of teleportation.
The vault guard shouts! x2; You hear a deafening roar!
Found a scroll of identify.
The phantasmal warrior gestures at you.
The phantasmal warrior blinks!
As you read the scroll of fear, it crumbles to dust.
You assume a fearsome visage.
The freezing wraith is unaffected.
The phantasmal warrior is unaffected.
The tentacled monstrosity resists with almost no effort.
The vault guard looks frightened! x2
The vault guard almost stumbles in trying to escape.
The phantasmal warrior hits you!!
You die...

** ############## *
***** , ,,,
.......^..... , , ,
, , ,
,,,............ , ,
,, , *** *
#.......W#######****
* * ,,,
.......@W...X... ,
,,, *, ,
**#.#....#.##....# ,
, , ,,* ..p....#p###
[##*, , , , * ,
.p#....#..## *
,*****, ,,, ,
..#....#..? , , { ,
* ,,, .#....#§.?#
*,, * ,,*, ,, ,,
.#....#..## , * +**,
.......#....#.## , ,
*,..####D#), , ,* ,
, ** ,* ,


You could see a tentacled monstrosity, 3 vault guards, a phantasmal warrior and
a freezing wraith.

Vanquished Creatures
  the Royal Jelly (Slime:5)
  Mara (Snake:4)
  Xtahua (Vaults:2)
  Frederick (Vaults:2)
  Rupert (D:12)
  A tentacled monstrosity (Vaults:5)
  Asterion (Vaults:3)
  3 deep elf master archers (Elf:3)
  A lich (Vaults:2)
  A kraken (Shoals:2)
  15 acid blobs
  5 sphinxes
  2 tentacled starspawn (Abyss:2)
  4 deep elf blademasters
  2 shadow dragons
  Agnes (Snake:4)
  14 rockslimes
  Donald (Elf:2)
  5 nagarajas (Snake:4)
  A fire giant (Vaults:1)
  A frost giant (Vaults:3)
  9 azure jellies
  8 deep elf sorcerers
  A caustic shrike zombie (D:15)
  A draconian scorcher (WizLab)
  Louise (Elf:2)
  A draconian knight (WizLab)
  2 orc warlords
  Aizul (Vaults:1)
  3 deep elf elementalists (Elf:3)
  12 vault wardens
  A juggernaut zombie (D:15)
  9 quicksilver oozes
  18 ironbound preservers
  2 very ugly things (Vaults:1)
  7 ironbound thunderhulks
  9 deep elf demonologists
  6 dire elephants
  2 entropy weavers
  10 purple draconians (WizLab)
  8 deep elf annihilators (Elf:3)
  9 statues (WizLab)
  An ettin (Orc:2)
  5 deep elf death magi
  5 merfolk javelineers (Shoals:4)
  2 fire dragons
  6 merfolk impalers
  12 great orbs of eyes
  11 yaktaur captains
  2 spectral krakens (Shoals:4)
  8 deep elf high priests
  Fannar (D:12)
  13 vault guards
  4 hydras
  7 boulder beetles
  4 ironbound frosthearts
  3 salamander tyrants (Snake:4)
  2 ghost crabs (Shoals:3)
  4 alligator snapping turtles
  6 merfolk avatars
  13 anacondas
  7 two-headed ogres
  7 centaur warriors
  41 dancing weapons
  5 merfolk aquamancers
  2 satyrs (Shoals:4)
  13 naga warriors
  6 death yaks (Lair:3)
  5 shock serpents
  A tengu warrior (D:13)
  2 vampire magi
  16 naga sharpshooters
  18 deep elf knights
  4 orc high priests
  4 salamander mystics
  24 sea snakes
  A wretched star (Abyss:2)
  9 skeletal warriors
  64 deep trolls
  Pikel (D:5)
  6 naga ritualists
  3 glowing orange brains
  14 ironbound convokers
  A swamp dragon (Lair:5)
  15 wizards
  21 harpies
  A necromancer (D:14)
  A tengu zombie (D:15)
  9 lindwurms
  10 deep elf archers
  10 orc knights
  26 deep elf zephyrmancers
  15 mana vipers
  2 shining eyes (Slime:4)
  18 ugly things
  35 deep elf pyromancers
  A wolf spider (Lair:5)
  9 manticores
  4 fauns
  4 orc sorcerers
  6 cyclopes
  An elephant (Lair:1)
  56 black mambas
  9 merfolk sirens
  26 naga magi
  9 salamanders
  9 vault sentinels
  3 eyes of devastation
  4 guardian serpents
  Joseph (D:8)
  3 water nymphs
  2 ice statues (IceCv)
  8 rime drakes
  15 cane toads
  An efreet (D:14)
  A kobold demonologist (D:13)
  43 yaktaurs
  12 tengu conjurers (WizLab)
  11 komodo dragons
  4 starcursed masses (Abyss:2)
  2 freezing wraiths
  A troll (shapeshifter) (D:13)
  A spriggan skeleton (D:15)
  24 merfolk
  3 hornets
  A polar bear (Lair:2)
  4 spectral merfolk (Shoals:4)
  11 trolls
  4 wind drakes
  78 slime creatures
  6 dream sheep
  A raiju (Abyss:2)
  11 snapping turtles
  A jumping spider (Vaults:2)
  An air elemental (Elf:3)
  17 blink frogs
  16 water elementals
  41 yaks
  A fire bat (shapeshifter) (Elf:1)
  3 wraiths
  3 vampires (Vaults:3)
  17 wyverns
  4 shadows
  3 fire elementals
  2 golden eyes (Slime:2)
  A death yak simulacrum (IceCv)
  2 basilisks (D:15)
  2 redbacks (Lair:5)
  3 steam dragons (Lair:5)
  A chaos spawn (D:14)
  A neqoxec (Abyss:2)
  16 vampire mosquitoes
  Menkaure (D:7)
  4 wargs
  37 nagas
  A hydra simulacrum (IceCv)
  A spectral snapping turtle (Shoals:4)
  3 acid dragons
  22 water moccasins
  2 floating eyes (Slime:5)
  3 ice beasts
  2 black bears
  2 swamp drakes (Lair:5)
  31 orc warriors
  2 sky beasts
  A small abomination (Abyss:2)
  11 ogres
  7 wolves
  6 centaurs
  2 lemures (D:5)
  A phantom (D:6)
  8 kobold brigands
  2 gnoll sergeants
  A necrophage (D:7)
  21 bullfrogs
  2 scorpions (D:6)
  A cane toad simulacrum (IceCv)
  6 earth elementals
  6 wights
  A hornet simulacrum (D:15)
  7 howler monkeys
  6 jellies
  A quasit (Abyss:2)
  5 hounds
  2 gnoll boudas
  32 orc priests
  7 iguanas
  35 orc wizards
  6 hell rats (Lair:5)
  A polar bear simulacrum (IceCv)
  18 gnolls
  7 adders
  2 shadow imps (D:6)
  3 white imps
  2 ufetubi
  2 worms
  2 dart slugs
  60 orcs
  10 ball pythons
  14 endoplasms
  2 giant cockroaches (D:3)
  5 goblins
  7 hobgoblins
  9 jackals
  38 kobolds
  3 quokkas (D:3)
  3 training dummies (Shoals:3)
  11 bats
  3 frilled lizards
  10 rats
  A spectral orc (D:15)
  A butterfly (D:10)
  4 tentacles (Shoals:4)
1739 creatures vanquished.

Vanquished Creatures (collateral kills)
  Saint Roka (Vaults:3)
  Nikola (Snake:4)
  A titan (Vaults:5)
  A vault warden (Vaults:2)
  An orc warlord (Vaults:4)
  An ironbound preserver (Vaults:3)
  A very ugly thing (Vaults:3)
  A vault guard (Vaults:3)
  An ironbound frostheart (Vaults:1)
  A naga sharpshooter (Snake:4)
  2 deep trolls
  A wizard (Vaults:2)
  3 orc knights (Vaults:4)
  3 ugly things
  A vault sentinel (Vaults:3)
  4 slime creatures
24 creatures vanquished.

Vanquished Creatures (others)
  A deep elf annihilator (Elf:3)
  4 deep elf knights
  A deep elf zephyrmancer (Elf:1)
  A deep elf pyromancer (Elf:1)
  A manticore (Shoals:4)
  A naga mage (Snake:4)
  A cane toad (Lair:5)
  An unseen horror (D:12)
  2 merfolk (Shoals:4)
  An air elemental (Elf:3)
  A naga (Snake:4)
  An orc warrior (Elf:1)
  A kobold (D:9)
  A bush (Lair:3)
  79 fungi
  261 plants
  4 starspawn tentacles (Abyss:2)
  20 tentacles (Shoals:4)
  20 withered plants
402 creatures vanquished.

Grand Total: 2165 creatures vanquished

Notes
Turn   | Place    | Note
-------+----------+-------------------------------------------
     0 | D:1      | concernfroge the Mummy Monk began the quest for the Orb.
     0 | D:1      | Reached XP level 1. HP: 18/18 MP: 1/1
   549 | D:1      | Reached XP level 2. HP: 19/24 MP: 2/2
  1229 | D:2      | Gained mutation: You are in touch with the powers of death.
                  | [Mummy growth]
  1229 | D:2      | Reached XP level 3. HP: 15/30 MP: 3/3
  1553 | D:2      | Found Keajegaa's Armour Shop.
  1778 | D:2      | Reached skill level 5 in Fighting
  1778 | D:2      | Reached XP level 4. HP: 36/39 MP: 4/4
  1815 | D:2      | Noticed Natasha
  1859 | D:1      | You fall into a shaft and drop 1 floor!
  2514 | D:2      | Found a faded altar of an unknown god.
  2708 | D:3      | Noticed a bullfrog
  2716 | D:3      | Killed a bullfrog
  2717 | D:3      | Reached XP level 5. HP: 44/46 MP: 5/5
  2750 | D:3      | Found Hextu's Weapon Emporium.
  3023 | D:3      | Found a glowing drain.
  3027 | Sewer    | Entered a sewer
  3126 | Sewer    | Reached XP level 6. HP: 46/53 MP: 6/6
  3969 | D:3      | Reached XP level 7. HP: 62/62 MP: 7/7
  5279 | D:5      | Entered Level 5 of the Dungeon
  5295 | D:5      | Reached skill level 1 in Throwing
  5558 | D:5      | Found Tinir's General Store.
  5568 | D:5      | Bought a +0 chain mail of fire resistance for 149 gold
                  | pieces
  5815 | D:5      | Noticed Pikel
  5823 | D:5      | Reached XP level 8. HP: 65/71 MP: 8/8
  5828 | D:5      | Killed Pikel
  5829 | D:5      | Reached skill level 10 in Fighting
  5990 | D:5      | Found a sparkling altar of Nemelex Xobeh.
  6522 | D:6      | Reached skill level 5 in Polearms
  6620 | D:6      | Reached XP level 9. HP: 71/78 MP: 9/9
  7617 | D:7      | Noticed Menkaure
  7625 | D:7      | Killed Menkaure
  7837 | D:7      | Identified the +10 flail "Zimiagea" {vorpal, Fragile Dex+3}
  7855 | D:7      | Found a staircase to the Ecumenical Temple.
  7863 | Temple   | Entered the Ecumenical Temple
  8268 | Temple   | Became a worshipper of Ashenzari the Shackled
  8298 | D:7      | Reached skill level 1 in Maces & Flails
  8491 | D:2      | Bought a +2 cloak for 181 gold pieces
  8691 | D:7      | Identified the +2 robe "Hishrid" {rN++ rCorr MP-9}
  9216 | D:8      | Found a shimmering altar of Xom.
  9226 | D:8      | Found Cuets's Jewellery Shop.
  9258 | D:8      | Identified the +0 scale mail of Anarchy {Dex+3}
  9564 | D:8      | Noticed an orange demon
  9564 | D:8      | Noticed Amaemon
  9711 | D:8      | Found Lamunwigg's Jewellery Emporium.
  9796 | D:8      | Found Tiuworr's General Store.
  9834 | D:8      | Noticed Joseph
  9854 | D:8      | Killed Joseph
  9855 | D:8      | Reached XP level 10. HP: 57/86 MP: 10/10
 10121 | D:8      | Reached skill level 5 in Maces & Flails
 10203 | D:8      | Found Menarus's Antique Weapon Shoppe.
 10387 | D:9      | Noticed a two-headed ogre
 10428 | D:9      | Killed a two-headed ogre
 10522 | D:9      | Paralysed by a kobold for 3 turns
 11255 | D:9      | Reached skill level 1 in Armour
 11255 | D:9      | Reached skill level 1 in Shields
 11733 | D:10     | Entered Level 10 of the Dungeon
 11849 | D:9      | Reached * piety under Ashenzari
 11852 | D:9      | Learned a level 1 spell: Apportation
 11854 | D:9      | Learned a level 1 spell: Slow
 11858 | D:9      | Learned a level 3 spell: Confusing Touch
 11877 | D:9      | Reached XP level 11. HP: 73/92 MP: 10/12
 11945 | D:10     | Reached skill level 1 in Spellcasting
 12035 | D:10     | Found a staircase to the Lair.
 12084 | D:10     | Found a transporter.
 12092 | D:10     | Found a transporter.
 12154 | D:10     | Found a transporter.
 12161 | D:10     | Found a transporter.
 12332 | D:10     | Found a transporter.
 12334 | D:10     | Found a transporter.
 12404 | Lair:1   | Entered Level 1 of the Lair of Beasts
 12500 | Lair:1   | Reached skill level 1 in Conjurations
 12500 | Lair:1   | Reached skill level 1 in Hexes
 12556 | Lair:1   | Reached skill level 1 in Translocations
 13024 | Lair:1   | Reached skill level 5 in Throwing
 13497 | Lair:1   | Reached ** piety under Ashenzari
 15077 | Lair:2   | Reached XP level 12. HP: 100/100 MP: 19/19
 15153 | Lair:2   | Noticed a four-headed hydra
 15161 | Lair:2   | Killed a four-headed hydra
 15745 | D:2      | Bought the +4 pair of gloves of Ylyteiji {rF+} for 423 gold
                  | pieces
 15745 | D:2      | Reached *** piety under Ashenzari
 16061 | D:5      | Bought a scroll of poison for 52 gold pieces
 16226 | Lair:3   | Found a staircase to the Shoals.
 16237 | Lair:3   | Reached skill level 5 in Spellcasting
 16474 | Lair:3   | Noticed a death yak
 16474 | Lair:3   | Noticed a death yak
 16475 | Lair:3   | Noticed a death yak
 16490 | Lair:3   | Killed a death yak
 16490 | Lair:3   | Noticed a death yak
 16491 | Lair:3   | Noticed a death yak
 16492 | Lair:3   | Noticed a death yak
 16497 | Lair:3   | Killed a death yak
 16517 | Lair:3   | Killed a death yak
 16524 | Lair:3   | Killed a death yak
 16527 | Lair:3   | Killed a death yak
 16540 | Lair:3   | Killed a death yak
 16863 | Lair:3   | Found a staircase to the Snake Pit.
 17467 | Lair:3   | Noticed a fire dragon
 17486 | Lair:3   | Killed a fire dragon
 17814 | Lair:4   | Found a staircase to the Slime Pits.
 17894 | Lair:4   | Noticed a seven-headed hydra
 17901 | Lair:4   | Killed a seven-headed hydra
 17902 | Lair:4   | Gained mutation: You are strongly in touch with the powers
                  | of death. [Mummy growth]
 17902 | Lair:4   | Reached XP level 13. HP: 106/109 MP: 26/26
 18155 | Lair:4   | Found a runed translucent door.
 18155 | Lair:4   | Found a shimmering altar of Xom.
 18155 | Lair:4   | Noticed Juirae's ghost (journeyman TrMo)
 18839 | Lair:5   | Entered Level 5 of the Lair of Beasts
 19078 | Lair:5   | Reached skill level 10 in Maces & Flails
 19241 | Lair:5   | Found a runed translucent door.
 19242 | Lair:5   | Noticed a dire elephant
 19242 | Lair:5   | Noticed Qeimiotua's ghost (journeyman MiFi)
 20576 | Lair:5   | Reached XP level 14. HP: 116/116 MP: 27/27
 21071 | Lair:5   | Identified a scroll of acquirement
 21359 | Lair:5   | Acquired 874 gold pieces
 21554 | D:8      | Bought a +4 ring of slaying for 1170 gold pieces
 21789 | D:10     | Reached skill level 5 in Hexes
 21897 | D:10     | Reached skill level 5 in Evocations
 22175 | D:11     | Identified the +0 chain mail of the Northern Lights {rElec
                  | rF+ rC+ Dex+4}
 22184 | D:11     | Reached skill level 5 in Shields
 22405 | D:11     | Reached skill level 5 in Armour
 22825 | D:12     | Noticed Rupert
 22867 | D:12     | Paralysed by Rupert for 2 turns
 22881 | D:12     | Killed Rupert
 23050 | D:12     | Noticed Fannar
 23064 | D:12     | Killed Fannar
 23181 | D:12     | Found a staircase to the Orcish Mines.
 23658 | D:8      | Bought a ring of resist corrosion for 300 gold pieces
 24141 | Orc:1    | Entered Level 1 of the Orcish Mines
 25010 | Orc:1    | Paralysed by an orc sorcerer for 4 turns
 25254 | Orc:2    | Entered Level 2 of the Orcish Mines
 25371 | Orc:2    | Found a frozen archway.
 25512 | IceCv    | Entered an ice cave
 25635 | IceCv    | Found a transporter.
 25641 | IceCv    | Identified the ring of Xom's Attic {Wiz rC+++ Will- rCorr}
 25645 | IceCv    | Found a transporter.
 25649 | IceCv    | Reached **** piety under Ashenzari
 26230 | Orc:2    | Found a staircase to the Elven Halls.
 26748 | Orc:2    | Reached skill level 10 in Throwing
 27500 | Orc:2    | Found Ziquhy's General Store.
 27500 | Orc:2    | Found Jypt's Antique Weapon Shoppe.
 27501 | Orc:2    | Found Jexteg's Assorted Antiques.
 27504 | Orc:2    | Found Ytabbaiwk's Magic Scroll Emporium.
 27710 | Orc:2    | Bought a scroll of enchant armour for 112 gold pieces
 27710 | Orc:2    | Bought 4 javelins for 48 gold pieces
 27713 | Orc:2    | Bought a faintly glowing morningstar for 324 gold pieces
 27713 | Orc:2    | Identified the +5 morningstar of Due Proportion {elec,
                  | rPois} (You bought it in a shop on level 2 of the Orcish
                  | Mines)
 27972 | D:13     | Found a stormy altar of Qazlal.
 28053 | D:13     | Found a gate to the Vaults.
 28072 | D:13     | Reached XP level 15. HP: 75/122 MP: 28/28
 28535 | D:13     | Reached ***** piety under Ashenzari
 28923 | Abyss:2  | Cast into level 2 of the Abyss (a wizard)
 28965 | Abyss:2  | Noticed a tentacled starspawn
 28981 | Abyss:2  | Killed a tentacled starspawn
 29149 | Abyss:2  | Noticed a tentacled starspawn
 29161 | Abyss:2  | Killed a tentacled starspawn
 29168 | Abyss:2  | Found a snail-covered altar of Cheibriados.
 29190 | D:14     | Escaped the Abyss
 30001 | D:14     | Found the +3 warlock's mirror {reflect}
 30232 | D:15     | Entered Level 15 of the Dungeon
 30558 | D:15     | Found the +6 arbalest "Damnation" {damnation}
 30559 | D:15     | Found a staircase to the Depths.
 31030 | D:15     | Found a basalt altar of Yredelemnul.
 32260 | Snake:1  | Entered Level 1 of the Snake Pit
 32464 | Snake:1  | Reached XP level 16. HP: 87/137 MP: 24/32
 33373 | Snake:1  | Found Conanyg's Armour Shop.
 34194 | Snake:2  | Found a shimmering blue altar of Sif Muna.
 34433 | Snake:2  | Noticed Roxanne
 37813 | Shoals:1 | Entered Level 1 of the Shoals
 38832 | Shoals:2 | Reached XP level 17. HP: 117/142 MP: 33/33
 38844 | Shoals:2 | Reached skill level 10 in Shields
 38883 | Shoals:2 | Reached skill level 10 in Armour
 39490 | Shoals:2 | Noticed a kraken
 39514 | Shoals:2 | Killed a kraken
 40099 | Shoals:3 | Identified the amulet of Eternal Night {Faith Dex+6}
 40106 | Shoals:3 | Found Sobruo's Armour Shoppe.
 40580 | Shoals:3 | Identified the ring "Ireu" {*Slow AC+4 Int+2 Dex+4 Stlth+}
 40637 | Shoals:3 | Found Suakh's Firing Range.
 40646 | Shoals:3 | Bought 4 javelins for 48 gold pieces
 40646 | Shoals:3 | Bought 2 silver boomerangs for 45 gold pieces
 40646 | Shoals:3 | Bought a throwing net for 45 gold pieces
 40646 | Shoals:3 | Bought a throwing net for 45 gold pieces
 41122 | Shoals:4 | Entered Level 4 of the Shoals
 41295 | Shoals:4 | Identified the +2 broad axe of Royalism {chaos, rElec rC+
                  | Int+2 Stlth-}
 43682 | Shoals:4 | Identified the Treatise on Hurtful Cold
 45106 | Shoals:4 | Got a barnacled rune of Zot
 45777 | Shoals:4 | Reached skill level 5 in Dodging
 45777 | Shoals:4 | Reached XP level 18. HP: 146/146 MP: 33/33
 46800 | Snake:4  | Entered Level 4 of the Snake Pit
 46816 | Snake:4  | Noticed Mara
 46829 | Snake:4  | Noticed concernfroge's illusion
 47359 | Snake:4  | Found Vilurag's Jewellery Shoppe.
 47359 | Snake:4  | Found Xicroqai's Book Boutique.
 47360 | Snake:4  | Found Zumar's Jewellery Shoppe.
 47518 | Snake:4  | Noticed Agnes
 47526 | Snake:4  | Noticed Nikola
 47529 | Snake:4  | Killed Agnes
 47538 | Snake:4  | Killed Nikola
 48504 | Snake:4  | Got a serpentine rune of Zot
 48783 | Snake:4  | Noticed concernfroge's illusion
 48789 | Snake:4  | Killed Mara
 49182 | Elf:1    | Entered Level 1 of the Elven Halls
 49342 | Elf:1    | Reached skill level 10 in Polearms
 49561 | Elf:1    | Noticed a Hell Sentinel
 49666 | Elf:1    | Identified the Precepts of the Swarm
 49860 | Elf:1    | Reached XP level 19. HP: 131/152 MP: 34/34
 50251 | Elf:1    | Found Osiufal's Jewellery Emporium.
 50438 | Elf:2    | Noticed Louise
 50466 | Elf:2    | Killed Louise
 50527 | Elf:2    | Reached skill level 10 in Dodging
 50729 | Elf:2    | Found a runed translucent gate.
 50729 | Elf:2    | Found a runed translucent gate.
 50729 | Elf:2    | Found a runed translucent gate.
 50767 | Elf:2    | Noticed Donald
 50778 | Elf:2    | Killed Donald
 52376 | Elf:3    | Entered Level 3 of the Elven Halls
 52607 | Elf:3    | Found a runed translucent gate.
 52608 | Elf:3    | Found a runed translucent gate.
 52610 | Elf:3    | Found a runed translucent gate.
 52636 | Elf:3    | Paralysed by an air elemental for 1 turns
 53153 | Elf:3    | Identified the +6 leather armour of Atotea {rC+ Dex+2}
 53438 | Elf:3    | Identified the +3 glaive "Sakubrap" {vorpal, rC++ Str+4
                  | Int-3 Dex+4}
 54305 | Elf:3    | Identified the +0 robe of Ykko {rF+ rC++}
 54591 | Elf:3    | Reached XP level 20. HP: 129/172 MP: 36/36
 55522 | Elf:3    | Identified the ring of Ignis's Fury {rC+ Int+8}
 55635 | Elf:3    | Paralysed by an air elemental for 1 turns
 55662 | Elf:3    | Identified the +7 whip of True Grit {freeze, *Rage rElec
                  | rN+ Int+6}
 55937 | Elf:3    | Identified the +1 sling of Hatred {freeze, rN+ Dex+4}
 55961 | Elf:3    | Identified Roxanne's Compendium of Dried Tears
 56728 | Slime:1  | Entered Level 1 of the Pits of Slime
 57745 | Slime:5  | Entered Level 5 of the Pits of Slime
 57760 | Slime:5  | Paralysed by a floating eye for 4 turns
 57800 | Slime:5  | Paralysed by a floating eye for 2 turns
 58177 | Slime:5  | Paralysed by a floating eye for 3 turns
 59139 | Slime:5  | Noticed the Royal Jelly
 59294 | Slime:5  | Killed the Royal Jelly
 59306 | Slime:5  | Identified the +1 buckler of Cakinux {*Slow rElec rN++
                  | Str+3}
 59307 | Slime:5  | Identified the +7 halberd of Anger {vorpal, rElec rPois}
 59313 | Slime:5  | Identified the Book of Combustion and the Chill
 59960 | Slime:5  | Paralysed by a great orb of eyes for 2 turns
 60170 | Slime:5  | Got a slimy rune of Zot
 60532 | Vaults:1 | Entered Level 1 of the Vaults
 61000 | Vaults:1 | Reached XP level 21. HP: 183/183 MP: 37/37
 61599 | Vaults:1 | Found a flickering gateway to a bazaar.
 61608 | Bazaar   | Entered a bazaar
 61621 | Bazaar   | Found Onum's Magic Scroll Shop.
 61650 | Bazaar   | Found Louxzappau's Magic Scroll Shoppe.
 61697 | Bazaar   | Found Gianohall's Antique Weapon Shoppe.
 61758 | Bazaar   | Bought a scroll of magic mapping for 90 gold pieces
 61758 | Bazaar   | Bought a scroll of noise for 12 gold pieces
 61758 | Bazaar   | Bought a scroll of torment for 114 gold pieces
 61758 | Bazaar   | Bought a scroll of teleportation for 36 gold pieces
 61758 | Bazaar   | Bought a scroll of teleportation for 36 gold pieces
 61758 | Bazaar   | Bought a scroll of vulnerability for 48 gold pieces
 61758 | Bazaar   | Bought a scroll of noise for 12 gold pieces
 61782 | Bazaar   | Bought a scroll of teleportation for 45 gold pieces
 61782 | Bazaar   | Bought a scroll of poison for 60 gold pieces
 61782 | Bazaar   | Bought a scroll of noise for 15 gold pieces
 62138 | Vaults:1 | Noticed Aizul
 62164 | Vaults:1 | Killed Aizul
 63062 | Vaults:2 | Noticed Xtahua
 63078 | Vaults:2 | Killed Xtahua
 63275 | Vaults:2 | Noticed Frederick
 63285 | Vaults:2 | Killed Frederick
 63777 | Vaults:2 | Found a runed translucent gate.
 63777 | Vaults:2 | Found an ancient bone altar of Kikubaaqudgha.
 63777 | Vaults:2 | Found a runed translucent gate.
 63777 | Vaults:2 | Noticed a dread lich
 63777 | Vaults:2 | Noticed heteroy's ghost (veteran GrEE)
 63777 | Vaults:2 | Noticed agentgt's ghost (veteran KoAK)
 63777 | Vaults:2 | Noticed an ancient lich
 63777 | Vaults:2 | Identified the -1 pair of boots "Zore Dod" {Fly rC- Int+3}
 63778 | Vaults:2 | Found a runed translucent gate.
 63778 | Vaults:2 | Noticed a dread lich
 63778 | Vaults:2 | Identified the +5 barding of Qazlal's Envy {+Inv}
 63778 | Vaults:2 | Identified the ring of Cowardice {AC+4 Str+8 Int-2}
 64786 | Vaults:3 | Noticed Asterion
 64795 | Vaults:3 | Killed Asterion
 64825 | Vaults:3 | Reached XP level 22. HP: 179/190 MP: 38/38
 65303 | Vaults:3 | Noticed Saint Roka
 65320 | Vaults:3 | Killed Saint Roka
 65556 | Vaults:3 | Found a staircase to the Crypt.
 65600 | Vaults:3 | Reached skill level 15 in Armour
 65608 | Vaults:3 | Reached skill level 15 in Shields
 66202 | Vaults:4 | Identified the +5 war axe of Doom {vorpal, rF+ Str+4}
 66291 | Vaults:4 | Found a portal to a secret trove of treasure.
 66479 | Vaults:4 | Found a magical portal.
 66486 | WizLab   | Entered Iskenderun's Mystic Tower
 66896 | WizLab   | Identified Iskenderun's Anthology of Confrontation
 66896 | WizLab   | Identified Iskenderun's Omnibus of Hurting
 67124 | WizLab   | Identified the Quarto of Bloody Cold
 67124 | WizLab   | Identified the Encyclopedia of Shifting
 67124 | WizLab   | Identified the Quarto of Fetching Intoxication
 67300 | Vaults:4 | Identified the +3 trident of Due Proportion {spect, Fragile
                  | Str+8}
 68389 | Vaults:5 | Entered Level 5 of the Vaults
 68417 | Vaults:5 | Noticed a golden dragon
 68424 | Vaults:5 | Noticed Jory
 68471 | Vaults:5 | Identified the +10 battleaxe "Ymil" {elec, rPois rC++}
 68480 | Vaults:5 | Slain by a phantasmal warrior

Illustrated notes

Levels and vault maps discovered:
D:1:      amcnicky_arrival_gap_in_the_tavern_cellar, layout_basic,
          minmay_misc_feat_encased
D:2:      layout_loops_corners, ebering_ecumenical_altar_box, serial_shops,
          nicolae_shop_trees, nicolae_grassy_gnolls, uniq_natasha
D:3:      layout_loops_ring, gup_sewer_entry_spiral, serial_shops,
          nicolae_shop_trees, kennysheep_generic_room_8
D:4:      layout_loops_corners, columned_hall_lemuel
D:5:      layout_basic, nemelex_spade_bored_becter, serial_shops, shop,
          uniq_pikel
D:6:      layout_cave_pools, st_stairs_8, patterned_corridor
D:7:      layout_loops_ring, minmay_temple_entry_gardened_gates, uniq_menkaure
D:8:      layout_basic, mainiacjoe_overflow_small_starburst, serial_shops, shop,
          shop, nicolae_square_shop, shop, uniq_joseph, uniq_amaemon
D:9:      layout_loops_corners, serial_rivers, chequers_serial_rivers_room_b,
          chequers_serial_rivers_small_b, chequers_serial_rivers_micro_b,
          chequers_serial_rivers_micro_c, chequers_serial_rivers_large_b,
          chequers_serial_rivers_micro_e, grunt_ministairs_15,
          amcnicky_mini_corridor_feature
D:10:     layout_layer_cave, due_lair_maze_entry_diamond,
          hangedman_glass_garden, serial_nicolae_subway,
          nicolae_sub_station_stone, nicolae_sub_station_crystal,
          nicolae_sub_station_metal
D:11:     layout_cave_pools
D:12:     layout_loops_ring, david_orc_3, abandoned_shop, uniq_rupert,
          uniq_fannar
D:13:     layout_roguey, lightli_vaults_fourway_checkpoint,
          nicolae_qazlal_eye_of_the_storm
D:14:     minmay_smoke_and_mirrors, layout_rooms, drop_trap
D:15:     gammafunk_depths_entry_grave, layout_basic, serial_co_window_serial,
          co_window_paths_b, co_window_of_opportunity_a, co_window_corner_a,
          co_window_paths_a, co_window_corner_a, co_window_corner_b,
          co_window_2corner, co_window_cross_2, co_window_corner_ca,
          co_window_2corner, co_window_4corner_b, glass_columns_a,
          glass_columns_b, yredelemnul_forgotten_temple_becter
Temple:   mainiacjoe_temple_big_plus
Lair:1:   layout_cave_pods, minmay_shattered_shrine
Lair:2:   layout_regular_city, serial_bayou_pond_d, lemuel_fruit_fields,
          grunt_megastairs_3
Lair:3:   dragon1_lemuel, layout_regular_city, elwin_shoals_entry_stream,
          minmay_snake_entry_six_corridors
Lair:4:   layout_long_grid, minmay_slime_entry_pillars, ebering_ghost_xom
Lair:5:   hangedman_lair_tendril_chambers, layout_regular_city,
          guppyfry_lair_end_dragon, ebering_ghost_inner_flame,
          hangedman_lair_unloving_vines, pond
Shoals:1: layout_shoals
Shoals:2: layout_shoals
Shoals:3: layout_shoals, serial_shops,
          nicolae_shop_temple_entry_statues_fountains, nicolae_shop_firing_range
Shoals:4: shoals_end_simple, layout_shoals, nicolae_shoals_spectral_cove
Snake:1:  layout_chambers, serial_shops, nicolae_shop_window_shopping
Snake:2:  layout_chambers, basic_altar, hangedman_venom_bottle,
          grunt_megastairs_2, uniq_roxanne
Snake:3:  layout_onion_interference, nicolae_integral_box
Snake:4:  snake_pit, layout_misc_corridors, minmay_shop_grove,
          serial_bayou_shore_a, uniq_mara, uniq_nikola, uniq_agnes
Slime:1:  layout_caves
Slime:2:  layout_caves
Slime:3:  layout_caves
Slime:4:  layout_caves
Slime:5
Orc:1:    layout_caves, nicolae_orc_lava_tube
Orc:2:    st_orc_mages, layout_caves, portal_ice_cave_rime
Elf:1:    minmay_the_grid_plus [minmay_the_grid_paths,
          minmay_the_grid_minigrid_medium, minmay_the_grid_spikes,
          minmay_the_grid_broken_lines, minmay_the_grid_prize_big_room],
          layout_loops_corners, serial_shops, nicolae_shop_statue_plus,
          minmay_elf_demonology, st_stairs_12, nrook_uturn,
          roderic_roman_lattice
Elf:2:    elven_hall_of_blades_hangedman_original
          [nicolae_blade_entry_sentries_behind_glass], layout_geoelf_octagon,
          uniq_louise, uniq_donald
Elf:3:    nooodl_elf_gasket, layout_rooms, drop_trap, nicolae_elf_hall_of_bonks
Vaults:1: nicolae_vaults_inception_scallops, vaults_mumra_bighexcomb,
          vaults_dpeg_hooks, nicolae_vaults_yaktaur_gun_rack,
          nicolae_vaults_network_s, v_misc_9, v_misc_16,
          ontoclasm_vaults_ligature, nicolae_vaults_little_squares_6,
          nicolae_vaults_circle_grid_b, v_misc_28, v_alt_pattern_2,
          layout_vaults_maze, serial_glass, serial_shops, freezing_bzr,
          uniq_aizul
Vaults:2: gammafunk_ghost_crypt, v_misc_9, ontoclasm_vaults_decontamination,
          nicolae_vaults_murderbox, hangedman_vaults_slice,
          hangedman_vaults_pinch, nicolae_vaults_ring_of_whatevers, v_pattern_3,
          grunt_vaults_hallway_short, vaults_dpeg_emergency_exit,
          nicolae_vaults_little_squares_6, layout_vaults_quadrants,
          uniq_frederick, uniq_xtahua
Vaults:3: vaults_dpeg_spiral, hangedman_vaults_river_flow,
          minmay_crypt_entry_vampire_xt, v_misc_28, kb_rosetta,
          hangedman_vaults_trim, v_misc_22, ontoclasm_vaults_fault,
          vaults_room_fours, ontoclasm_vaults_hangar, ontoclasm_vaults_shuriken,
          layout_vaults_ring, uniq_saint_roka, uniq_asterion
Vaults:4: infiniplex_enter_wizlab_glasses, vaults_room_ringed_pool, v_misc_3,
          v_misc_27, grunt_vaults_hallway_short, nicolae_vaults_angled_halls,
          special_room_vaults [special_room_orc], ontoclasm_vaults_misaligned,
          ontoclasm_vaults_tryst, v_pattern_1, grunt_vaults_hallway_short,
          ontoclasm_vaults_chip, hangedman_vaults_maws, layout_vaults_omnicross,
          enter_trove_5
Vaults:5: uniq_jory

Skill      XL: |  1  2  3  4  5  6  7  8  9 10 11 12 13 14 15 16 17 18 19 20 21 22 |
---------------+-------------------------------------------------------------------+-----
Fighting       | 4 5 6 8 9 10 13 14 | 14.5
Throwing       | 2 4 5 8 9 10 12 | 12.6
Polearms       | 5 7 10 | 10.3
Evocations     | 2 3 4 6 7 9 |  9.5
Maces & Flails | 4 6 7 9 10 11 | 11.0
Armour         | 1 3 4 6 8 9 12 13 14 16 | 16.1
Shields        | 1 3 4 6 8 9 12 13 14 16 | 16.1
Dodging        | 3 4 5 9 12 13 14 | 14.0
Spellcasting   | 4 6 7 |  7.5
Conjurations   | 2 |  2.6
Hexes          | 2 4 5 |  5.9
Translocations | 2 |  2.5
Stealth        | |  1.5

Action                   |  1- 3 |  4- 6 |  7- 9 | 10-12 | 13-15 | 16-18 | 19-21 | 22-24 || total
-------------------------+-------+-------+-------+-------+-------+-------+-------+-------++-------
Melee: Spear             |   149 |       |       |       |       |       |       |       ||   149
       Halberd           |       |    53 |       |       |       |       |       |       ||    53
       Glaive            |       |   252 |   227 |       |       |       |       |       ||   479
       Flail             |       |       |    84 |   483 |  1282 |  1178 |       |       ||  3027
       Punch             |       |       |     1 |     2 |       |       |       |       ||     3
       Demon trident     |       |       |       |       |       |   662 |  1866 |   768 ||  3296
Throw: Stone             |       |     1 |    10 |       |       |    88 |    20 |       ||   119
       Dart              |       |       |    21 |    45 |    68 |    73 |    96 |    24 ||   327
       Javelin           |       |       |       |     9 |     5 |    18 |    28 |       ||    60
       Boomerang         |       |       |       |    45 |   140 |   185 |   287 |    16 ||   673
       Throwing net      |       |       |       |     1 |       |       |     2 |       ||     3
 Cast: Confusing Touch   |       |       |       |       |     5 |    11 |       |     1 ||    17
       Slow              |       |       |       |       |     3 |    22 |     3 |       ||    28
Invok: Curse Item        |       |       |     1 |     5 |     4 |     1 |     1 |     1 ||    13
       Shatter the Chain |       |       |       |     1 |     1 |     2 |       |       ||     4
Evoke: Wand              |       |       |     2 |     6 |    10 |    26 |    18 |     6 ||    68
       Tin of tremorston |       |       |       |       |     8 |     8 |    13 |     4 ||    33
       Phial of floods   |       |       |       |       |     2 |     1 |     3 |     2 ||     8
       Condenser vane    |       |       |       |       |     1 |     2 |     6 |     2 ||    11
       Box of beasts     |       |       |       |       |       |       |     7 |     3 ||    10
  Use: Scroll            |     4 |     3 |     5 |     2 |     8 |    24 |     8 |     9 ||    63
 Stab: Sleeping          |     1 |       |       |       |       |       |       |       ||     1
       Held in net/web   |       |       |       |     1 |       |       |     1 |       ||     2
       Paralysed         |       |       |       |     4 |    16 |    12 |     1 |     6 ||    39
       Confused          |       |       |       |       |     6 |    26 |       |     1 ||    33
       Distracted        |       |       |       |       |       |       |     4 |     4 ||     8
Armor: Robe              |     2 |       |       |       |       |       |       |       ||     2
       Scale mail        |    43 |   162 |    20 |       |       |       |       |       ||   225
       Chain mail        |       |       |   160 |   258 |   484 |   572 |   433 |   134 ||  2041
Dodge: Dodged            |    56 |   142 |   111 |   108 |   345 |   438 |   481 |   177 ||  1858
Block: Other             |       |    91 |    59 |     8 |       |       |       |       ||   158
       Reflection        |       |     1 |     1 |     3 |    12 |   221 |   160 |    48 ||   446
       Buckler           |       |       |       |   202 |   607 |  1290 |   952 |   344 ||  3395
